AoeStats
← Fabian

Black Forest

509720478Analyzed
2v2 RM · 6d ago on Sep 27, 2026· 61m 59s· 4 players
Game mode
Random Map
Map size
Medium (4 player)
Population
200
Speed
Normal
Resources
Standard
Victory
Conquest
Starting age
Dark Age
Ending age
Imperial Age
RankedLock teamsTeams togetherTeam positionsShared explorationLock speedFull tech treeHidden civsTurbo modeCheats
Victory
Defeat
🇧🇷 Mongols · Brazil
949
+16
🇧🇷 Persians · Brazil
948
+16
🇩🇪 Vietnamese · Germany
956
-43
🇩🇰 Danes · Denmark
947
-16
pisse.sur-GiveUpYouWillDie
0:28 Loom
13:15 Feudal Age
16:39 Double-Bit Axe
24:33 Castle Age
24:20 Fletching
24:53 Horse Collar
25:31 Bodkin Arrow
25:56 Heavy Plow
28:50 Bow Saw
30:52 Wheelbarrow
30:42 Scale Mail Armor
32:07 Squires
31:35 Pikeman
32:44 Arson
38:59 Imperial Age
38:00 Caravan
39:09 Hand Cart
39:11 Hamask
40:18 Forging
41:30 Conscription
41:14 Gold Mining
41:22 Onager
42:48 Ballistics
42:41 Masonry
42:00 Elite Skirmisher
43:35 Chain Mail Armor
43:21 Bracer
43:17 Elite Varangian Guard
43:38 Halberdier
44:06 Siege Onager
46:06 Chemistry
45:21 Stone Mining
46:21 Murder Holes
47:48 Block Printing
47:46 Fervor
49:00 Iron Casting
48:55 Plate Mail Armor
52:59 Blast Furnace
54:32 Elite Jomsviking
55:51 Northmen's Fury
62:19 Theocracy
quique_cantabria
4:13 Loom
11:17 Feudal Age
12:37 Wheelbarrow
11:48 Horse Collar
11:54 Double-Bit Axe
16:57 Gold Mining
19:17 Forging
19:07 Scale Mail Armor
18:33 Man-at-Arms
24:47 Castle Age
25:59 Hand Cart
25:58 Bow Saw
25:50 Heavy Plow
25:21 Long Swordsman
27:44 Iron Casting
30:58 Chain Mail Armor
BARBARUIVA
0:27 Loom
11:59 Feudal Age
15:58 Man-at-Arms
21:05 Double-Bit Axe
25:37 Castle Age
25:12 Horse Collar
25:32 Arson
28:11 Bow Saw
28:19 Squires
27:40 Long Swordsman
28:38 Forging
33:45 Wheelbarrow
35:20 Hand Cart
34:51 Town Watch
36:24 Heavy Plow
36:16 Gold Mining
37:42 Stone Mining
38:28 Gold Shaft Mining
41:00 Stone Shaft Mining
44:12 Imperial Age
41:46 Town Patrol
42:35 Ballistics
42:28 Masonry
43:19 Fletching
43:30 Padded Archer Armor
43:36 Scale Barding Armor
45:59 Chemistry
45:24 Conscription
46:10 Drill
46:58 Nomads
46:27 Onager
47:55 Siege Onager
50:16 Siege Engineers
50:54 Husbandry
51:04 Bloodlines
51:21 Light Cavalry
52:39 Iron Casting
52:25 Chain Barding Armor
52:01 Bodkin Arrow
52:22 Leather Archer Armor
55:08 Blast Furnace
54:09 Hussar
55:00 Bracer
57:19 Elite Mangudai
Fabian
0:27 Loom
14:41 Feudal Age
15:43 Horse Collar
15:51 Double-Bit Axe
19:36 Castle Age
18:00 Gold Mining
18:36 Stone Mining
20:30 Wheelbarrow
20:22 Heavy Plow
20:54 Bow Saw
21:47 Hand Cart
23:42 Masonry
24:23 Stone Shaft Mining
29:09 Ballistics
29:58 Padded Archer Armor
29:49 Fletching
30:50 Gold Shaft Mining
33:56 Imperial Age
32:46 Leather Archer Armor
32:27 Bodkin Arrow
32:39 Scale Barding Armor
34:09 Kamandaran
35:51 Chemistry
34:47 Murder Holes
35:28 Husbandry
35:39 Bloodlines
37:50 Two-Man Saw
37:20 Conscription
38:38 Citadels
40:43 Chain Barding Armor
41:30 Crop Rotation
41:33 Elite War Elephant
42:58 Ring Archer Armor
43:06 Plate Barding Armor
46:19 Fervor
47:37 Ring Archer Armor
53:28 Thumb Ring
52:43 Crossbowman
Connection lost

Rejoining the realm…

Still unreachable

The connection could not be restored.

Session expired

The server has moved on; the page needs a fresh start.